 Dungeon Crawl Stone Soup version 0.31-a0-844-gdc52ec4e09 (webtiles) character file.

Game seed: 4471738022897716147

28 LeprechaunX the Changeling (level 3, -3/23 HPs)
             Began as an Octopode Shapeshifter on Sept 28, 2023.
             Slain by an orc wizard
             ... wielding a +0 dagger of speed
              (4 damage)
             ... on level 2 of the Dungeon.
             The game lasted 00:00:50 (1146 turns).

LeprechaunX the Changeling (Octopode Shapeshifter)  Turns: 1146, Time: 00:00:50

Health: -3/23      AC:  1    Str: 15    XL:     3   Next: 12%
Magic:  3/3        EV: 13    Int: 12    God:
Gold:   61         SH:  0    Dex: 11    Spells: 2/2 levels left

rFire   . .          .
                       - Unarmed
rCold   . . .        (no shield)
rNeg    . . .        (helmet currently unavailable)
rPois   .            (no amulet)
rElec   .            (no ring)
rCorr   .            (no ring)
SInv    .            (no ring)
Will    .....        (no ring)
Stlth   ++           (no ring)
HPRegen 0.23/turn    (no ring)
MPRegen 0.08/turn    (no ring)
                     (no ring)

%: no passive effects
@: beast-form
A: beast (slay +1), almost no armour, amphibious, 8 rings, camouflage 1,
gelatinous body 1, (nimble swimmer 1), tentacles
a: Begin Untransformation


You were on level 2 of the Dungeon.
You were a hulking beast.
You visited 1 branch of the dungeon, and saw 2 of its levels.

You collected 61 gold pieces.

Inventory:

Missiles
 j - 5 boomerangs
Talismans
 b - a beast talisman (active)
 c - a flux talisman
Scrolls
 e - a scroll of teleportation {unknown}
 f - 3 scrolls of identify {unknown}
 g - a scroll of fear {unknown}
 i - a scroll of noise {unknown}
Potions
 a - a potion of lignification
 d - a potion of degeneration {unknown}
 h - a potion of heal wounds {unknown}


   Skills:
 + Level 1.5 Fighting
 + Level 2.3 Dodging
 + Level 3.2 Unarmed Combat
 * Level 3.4 Shapeshifting


You had 2 spell levels left.
You didn't know any spells.
Your spell library contained the following spells:

 Spells                   Type           Power      Damage    Failure   Level
 Summon Guardian Golem    Hex/Summ       0%         N/A       69%         3
 Orb of Destruction       Conj           0%         9d5       100%        7
 Spellforged Servitor     Conj/Summ      0%         N/A       100%        7


Dungeon Overview and Level Annotations

Branches:
Dungeon (2/15)

Altars:


Innate Abilities, Weirdness & Mutations

You are a hulking beast.
Your limbs bulge with bestial killing power. (Slay +1)
You cannot wear most types of armour.
You are amphibious.
You can wear up to eight rings at the same time.
Your skin changes colour to match your surroundings (Stealth+).
Your rubbery body absorbs attacks. (AC +1, EV +1)
((You are camouflaged when in or above water. (Stealth+)))
You have tentacles for arms and can constrict up to eight enemies at once.


Message History

You open the door.
There is an open door here.
You enter the shallow water.
There is an open door here.
A worm comes into view.
A worm is nearby!
A worm is nearby!
A worm is nearby!
A worm is nearby!
An orc and an orc wizard come into view.
The orc wizard is wielding a +0 dagger of speed.
The orc shouts!
You hear a shout! x2
An orc comes into view. It is wielding a +0 short sword.
The worm bites you!
The orc moves out of view.
The orc wizard shouts!
An orc comes into view. It is wielding a +0 dagger.
The orc moves out of view.
You start resting.
An orc is nearby!
You tentacle-slap the orc. You grab the orc.
The orc is lightly wounded.
You constrict the orc. The orc hits you with a +0 dagger.
You tentacle-slap the orc.
You kill the orc!
The worm bites you!
* * * LOW HITPOINT WARNING * * *
The orc wizard shouts!
Things that are here:
a +0 dagger; a +0 scale mail You miss the orc wizard.
Your grab misses the orc wizard. Your squeeze misses the orc wizard.
The orc wizard gestures at you while chanting.
You resist with significant effort. The worm bites you.
* * * LOW HITPOINT WARNING * * *
Unknown command.
You tentacle-slap the orc wizard. You grab the orc wizard.
The orc wizard is moderately wounded.
You constrict the orc wizard.
The orc wizard hits you with a +0 dagger of speed.
You die...

#...[<..# ##....#
#.......#####....##
#...............##
#...†.....####..#
#......##.# #..##
.......##.###..#
######.##..#...#
#≈≈~≈#.###...#o##########
#≈~≈~#.###.#.#woh...>....
'~≈~≈'.....#...##########
#≈~≈~##...##...#
#≈≈~≈##......#.#
#######...####.# #...#
### #####


You could see a worm, an orc wizard and an orc.

Vanquished Creatures
  An orc (D:2)
  2 endoplasms
  2 giant cockroaches (D:1)
  2 goblins (D:1)
  A hobgoblin (D:1)
  3 jackals (D:1)
  2 quokkas
  4 bats (D:1)
  A frilled lizard (D:1)
  4 kobolds (D:1)
  A rat (D:1)
23 creatures vanquished.

Notes
Turn   | Place    | Note
-------+----------+-------------------------------------------
     0 | D:1      | LeprechaunX the Octopode Shapeshifter began the quest for
                  | the Orb.
     0 | D:1      | Reached XP level 1. HP: 13/13 MP: 1/1
   243 | D:1      | Reached XP level 2. HP: 18/18 MP: 2/2
  1018 | D:2      | Reached XP level 3. HP: 23/23 MP: 3/3
  1144 | D:2      | HP: 1/23 [worm (5)]
  1146 | D:2      | Slain by an orc wizard

Illustrated notes

Levels and vault maps discovered:
D:1:      dpeg_arrival_solitude, layout_basic, kennysheep_decorative_pillar,
          minmay_crystal_water, solitary_fountain, dreamdust_wishing_well,
          chequers_serial_rivers_large_b, kennysheep_another_room
D:2:      layout_rooms, minmay_splitting_lines, dk_noncrumbling_2,
          chequers_serial_rivers_room_b

Action                     || total
---------------------------++-------
  Melee: Unarmed           ||    51
         Constrict         ||     9
         Tentacles         ||     6
   Stab: Sleeping          ||     7
 Armour: Skin              ||    20
  Dodge: Dodged            ||    25

Table legend: (Time is in decaauts)
 A = Elapsed time spent in this place.
 B = Non-inter-level travel time spent in this place.
 C = Inter-level travel time spent in this place.
 D = Time resting spent in this place.
 E = Time spent auto-exploring this place.
 F = Levels seen in this place.
 G = Mean time per level.
                   A        B        C        D        E       F      G
               +--------+--------+--------+--------+--------+-----+--------+
         Total |   1143 |   1120 |     23 |     10 |    936 |   2 |  571.5 |
       Dungeon |   1143 |   1120 |     23 |     10 |    936 |   2 |  571.5 |
               +--------+--------+--------+--------+--------+-----+--------+

Top non-repeatable levels by time:
     D:1: 1007 daAuts
     D:2: 135 daAuts
